 Dungeon Crawl Stone Soup version 0.26-a0-1129-gc5df7fbe6a (webtiles) character file.

Game seed: 8991077699404469071

67 hehateme the Covert (level 4, -3/41 HPs)
             Began as a Gnoll Delver on Dec 19, 2020.
             Slain by an iguana (10 damage)
             ... on level 5 of the Dungeon.
             The game lasted 00:00:49 (515 turns).

hehateme the Covert (Gnoll Delver)                   Turns: 515, Time: 00:00:50

Health: -3/41      AC:  3    Str: 15    XL:     4   Next: 18%
Magic:  5/5        EV: 14    Int: 12    God:
Gold:   0          SH:  0    Dex: 17    Spells: 5/5 levels left

rFire    . . .     SeeInvis .   a - +0 spear
rCold    . . .     Faith    .   (no shield)
rNeg     . . .     Spirit   .   b - +0 leather armour
rPois    .         Reflect  .   (no helmet)
rElec    .         Harm     .   (no cloak)
rCorr    .         Rampage  .   (no gloves)
Will     .....                  (no boots)
Stlth    ++++......             (no amulet)
HPRegen  0.13/turn              (no ring)
MPRegen  0.09/turn              (no ring)

@: no status effects
A: distributed training, fangs 1, strong nose
a: no special abilities


You were on level 5 of the Dungeon.
You visited 1 branch of the dungeon, and saw 1 of its levels.

Inventory:

Hand Weapons
 a - a +0 spear (weapon)
Missiles
 Q - 20 arrows
Armour
 b - a +0 leather armour (worn)
Wands
 D - a wand of digging (3)
Scrolls
 c - a scroll of fog
 d - a scroll of magic mapping {!r}
 e - a scroll of fear
Potions
 f - a potion of haste


   Skills:
 + Level 6.6 Fighting
 + Level 1.0 Short Blades
 + Level 1.0 Long Blades
 + Level 1.0 Axes
 + Level 1.0 Maces & Flails
 + Level 4.6 Polearms
 + Level 1.0 Staves
 + Level 1.0 Slings
 + Level 1.0 Bows
 + Level 1.0 Crossbows
 + Level 1.0 Throwing
 + Level 1.0 Armour
 + Level 4.6 Dodging
 + Level 9.6 Stealth
 + Level 1.0 Shields
 + Level 1.0 Unarmed Combat
 + Level 1.0 Spellcasting
 + Level 0.8 Conjurations
 + Level 0.8 Hexes
 + Level 0.8 Summonings
 + Level 0.8 Necromancy
 + Level 0.8 Translocations
 + Level 0.8 Transmutations
 + Level 0.8 Fire Magic
 + Level 0.8 Ice Magic
 + Level 0.8 Air Magic
 + Level 0.8 Earth Magic
 + Level 0.8 Poison Magic
 + Level 1.1 Invocations
 + Level 1.0 Evocations


You had 5 spell levels left.
You didn't know any spells.
Your spell library was empty.

Dungeon Overview and Level Annotations

Branches:
Dungeon (5/15)
 Temple: D:4-7

Altars:

Annotations:
D:5 exclusion: iguana


Innate Abilities, Weirdness & Mutations

Your experience applies equally to all skills.
You have very sharp teeth.
Your uncanny sense of smell can sniff out nearby items.


Message History

You barely miss the iguana. You closely miss the iguana.
The iguana closely misses you.
You closely miss the iguana. The iguana bites you!
* * * LOW HITPOINT WARNING * * *
The hound pauses to sniff the ground.
You take 11 damage, and have 10/41 hp.
GAME OVER YEAH!!
There are monsters nearby!
There are monsters nearby!
You hit the iguana. The iguana closely misses you.
You hit the iguana. The iguana bites you.
* * * LOW HITPOINT WARNING * * *
You take 4 damage, and have 7/41 hp.
You hit the iguana. The iguana closely misses you.
You closely miss the iguana. The iguana misses you.
You barely miss the iguana. You hit the iguana.
You bite the iguana, but do no damage. The iguana barely misses you.
You barely miss the iguana. The iguana bites you!
You die...

#.#####.###### #.#
#.....#... ..# #.#
#####.#.####.######.#
#..........[..>.#
###....#.####.......#
#.##.#.# #.#####l#
#.#....## #.#
#.......###.##...
###....@lh.......
#.......##.##.#.#
#.##.##.#...# # #..
#.......
...........#.#
..#....##..##.# ..
#..# .#.. . ... .#..
. ## ##... .#

Skill      XL: |  1  2  3 |
---------------+----------+-----
Stealth        | |  9.6
Invocations    | 1 |  1.1
Short Blades   | 1 |  1.0
Long Blades    | 1 |  1.0
Axes           | 1 |  1.0
Maces & Flails | 1 |  1.0
Staves         | 1 |  1.0
Slings         | 1 |  1.0
Bows           | 1 |  1.0
Crossbows      | 1 |  1.0
Throwing       | 1 |  1.0
Armour         | 1 |  1.0
Shields        | 1 |  1.0
Unarmed Combat | 1 |  1.0
Spellcasting   | 1 |  1.0
Evocations     | 1 |  1.0
Fighting       | |  6.6
Polearms       | |  4.6
Dodging        | |  4.6
Conjurations   | |  0.8
Hexes          | |  0.8
Summonings     | |  0.8
Necromancy     | |  0.8
Translocations | |  0.8
Transmutations | |  0.8
Fire Magic     | |  0.8
Ice Magic      | |  0.8
Air Magic      | |  0.8
Earth Magic    | |  0.8
Poison Magic   | |  0.8

Notes
Turn   | Place    | Note
-------+----------+-------------------------------------------
     0 | D:5      | Reached skill level 9 in Stealth
     0 | D:5      | hehateme the Gnoll Delver began the quest for the Orb.
     0 | D:5      | Reached XP level 1. HP: 23/23 MP: 1/1
     2 | D:5      | Noticed an orc wizard
    21 | D:5      | Killed an orc wizard
    22 | D:5      | Reached XP level 2. HP: 29/29 MP: 2/2
    22 | D:5      | Reached XP level 3. HP: 35/35 MP: 3/3
    40 | D:5      | Reached skill level 1 in Invocations
   165 | D:5      | Reached skill level 1 in Short Blades
   165 | D:5      | Reached skill level 1 in Long Blades
   165 | D:5      | Reached skill level 1 in Axes
   165 | D:5      | Reached skill level 1 in Maces & Flails
   165 | D:5      | Reached skill level 1 in Staves
   165 | D:5      | Reached skill level 1 in Slings
   165 | D:5      | Reached skill level 1 in Bows
   165 | D:5      | Reached skill level 1 in Crossbows
   165 | D:5      | Reached skill level 1 in Throwing
   165 | D:5      | Reached skill level 1 in Armour
   165 | D:5      | Reached skill level 1 in Shields
   165 | D:5      | Reached skill level 1 in Unarmed Combat
   165 | D:5      | Reached skill level 1 in Spellcasting
   165 | D:5      | Reached skill level 1 in Evocations
   165 | D:5      | Reached XP level 4. HP: 11/41 MP: 5/5
   166 | D:5      | HP: 10/41 [poisoned by a worker ant]
   173 | D:5      | HP: 8/41 [poisoned by a worker ant]
   180 | D:5      | HP: 7/41 [poisoned by a worker ant]
   188 | D:5      | HP: 6/41 [poisoned by a worker ant]
   508 | D:5      | HP: 10/41 [iguana (11)]
   515 | D:5      | Slain by an iguana

Table legend: (Time is in decaauts)
 A = Elapsed time spent in this place.
 B = Non-inter-level travel time spent in this place.
 C = Inter-level travel time spent in this place.
 D = Time resting spent in this place.
 E = Time spent auto-exploring this place.
 F = Levels seen in this place.
 G = Mean time per level.
                   A        B        C        D        E       F      G
               +--------+--------+--------+--------+--------+-----+--------+
         Total |    505 |    505 |      0 |    288 |    132 |   1 |  505.0 |
       Dungeon |    505 |    505 |      0 |    288 |    132 |   1 |  505.0 |
               +--------+--------+--------+--------+--------+-----+--------+

Top non-repeatable levels by time:
     D:5: 505 daAuts

Table legend:
 A = Kills in this place as a percentage of kills in entire the game.
 B = Kills by you in this place as a percentage of kills by you in the entire game.
 C = Kills by friends in this place as a percentage of kills by friends in the entire game.
 D = Other kills in this place as a percentage of other kills in the entire game.
 E = Experience gained in this place as a percentage of experience gained in the entire game.
 F = Experience gained in this place divided by the number of levels of this place that you have seen.
                   A       B       C       D       E      F
               +-------+-------+-------+-------+-------+----------------------
         Total | 100.0 | 100.0 |   N/A |   N/A | 100.0 |  97.0
       Dungeon | 100.0 | 100.0 |   N/A |   N/A | 100.0 |  97.0
               +-------+-------+-------+-------+-------+----------------------

Action                   |  1- 3 |  4- 6 || total
-------------------------+-------+-------++-------
Melee: Spear             |    48 |    28 ||    76
       Bite              |     9 |     6 ||    15
Armor: Leather armour    |     7 |     5 ||    12
Dodge: Dodged            |    27 |    20 ||    47

Vanquished Creatures
  An orc wizard (D:5)
  A worker ant (D:5)
  An adder skeleton (D:5)
  A leopard gecko (D:5)
  4 orcs (D:5)
  A frilled lizard (D:5)
9 creatures vanquished. You could see an iguana and a hound.

Levels and vault maps discovered:
D:5:      layout_loops_cross, kennysheep_mini, hangedman_decor_clover_reticule
